 Dungeon Crawl Stone Soup version 0.18.1-48-g4cf74bf (webtiles) character file.

53 meme the Magician (level 3, 0/28 HPs)
             Began as a Deep Elf Earth Elementalist on July 9, 2016.
             Slain by a goblin (1 damage)
             ... led by Robin
             ... on level 2 of the Dungeon.
             The game lasted 00:09:49 (825 turns).

meme the Magician (Deep Elf Earth Elementalist)      Turns: 825, Time: 00:09:50

Health: 0/28       AC: 21    Str:  6    XL:     3   Next: 64%
Magic:  0/10       EV:  2    Int: 17    God:
Gold:   36         SH:  0    Dex: 15    Spells: 2 memorised, 7 levels left

rFire  . . .     SeeInvis +     (no weapon)
rCold  . . .     Gourm    .     (armour currently unavailable)
rNeg   + + +     Faith    .     (no shield)
rPois  +         Spirit   .     (helmet currently unavailable)
rElec  .         Dismiss  .     (cloak currently unavailable)
rCorr  .         Reflect  .     (gloves currently unavailable)
SustAt .         Harm     .     (boots currently unavailable)
MR     .....     NoTele   +     (no amulet)
Stlth  +++.......               (no ring)
                                (no ring)

@: tree-form, not resistant to hostile enchantments, fairly stealthy
A: see invisible, dopey 1, screaming 1
a: no special abilities


You were on level 2 of the Dungeon.
You were not hungry.
You were a tree.
You visited 1 branch of the dungeon, and saw 2 of its levels.

You collected 36 gold pieces.

Inventory:

Missiles
 b - 54 stones (quivered)
Armour
 a - a +0 robe (melded)
 f - a +0 leather armour
Jewellery
 j - an uncursed ring of positive energy
Books
 c - a book of Geomancy

   Spells                             Type                      Level
   a - Sandblast                      Earth                        1
   b - Passwall                       Transmutation/Earth          2
   c - Stone Arrow                    Conjuration/Earth            3
   d - Petrify                        Transmutation/Earth          4
   e - Lee's Rapid Deconstruction     Earth                        5
Comestibles
 d - a bread ration
 g - 4 chunks of flesh
 h - a meat ration


   Skills:
 + Level 2.8 Dodging
 + Level 2.6 Stealth
 + Level 4.3 Spellcasting
 + Level 1.1 Transmutations
 + Level 4.1 Earth Magic


You had 7 spell levels left.
You knew the following spells:

 Your Spells              Type           Power        Failure   Level  Hunger
a - Sandblast             Erth           ###...       2%          1    None
b - Passwall              Trmt/Erth      ##........   10%         2    ##.....


Dungeon Overview and Level Annotations

Branches:
Dungeon (2/15)

Altars:

Annotations:
D:2 Robin


Innate Abilities, Weirdness & Mutations

You have supernaturally acute eyesight.
You are dopey. (Int -2)
You occasionally shout uncontrollably at your foes.


Message History

Robin is moderately wounded.
The hobgoblin no longer looks unusually strong.
The goblin hits you but does no damage. Robin throws the goblin at you!
The hobgoblin hits you but does no damage.
The goblin hits you but does no damage.
Casting: Sandblast
Confirm with . or Enter, or press ? or * to list all spells.
Aiming: Sandblast
Press: ? - help, Shift-Dir - straight line, f - goblin, p - Robin
Aim: a goblin (unusually strong)
The blast of sand hits the goblin.
The goblin is moderately wounded.
The goblin hits you but does no damage. Robin hits you but does no damage.
The goblin hits you but does no damage.
The hobgoblin hits you but does no damage.
You barely miss the goblin.
The goblin is moderately wounded.
The goblin hits you but does no damage. Robin hits you but does no damage.
The goblin hits you.
You die...

#......g... #....g.....
#.......... #...)...>..
#.......... #..........
##############(.........
#.......................
#.....g♣g...............
#.....gg................
#.......................
##############..........
########################
#######.......................
#..................###########
#..................#
#..................#


You could see Robin, a hobgoblin and 2 goblins.

Vanquished Creatures
  2 adders (D:2)
  An ooze (D:1)
  A worm (D:2)
  A dart slug (D:2)
  A giant gecko (D:1)
  2 bats
  A giant cockroach (D:1)
  6 hobgoblins
  A kobold (D:1)
  8 goblins
24 creatures vanquished.

Notes
Turn   | Place    | Note
--------------------------------------------------------------
     0 | D:1      | meme the Deep Elf Earth Elementalist began the quest for the Orb.
     0 | D:1      | Reached XP level 1. HP: 10/10 MP: 6/6
    79 | D:1      | Reached XP level 2. HP: 9/15 MP: 1/8
   406 | D:2      | Learned a level 2 spell: Passwall
   555 | D:2      | Reached XP level 3. HP: 18/19 MP: 7/10
   656 | D:2      | Learned a level 3 spell: Stone Arrow
   758 | D:2      | Noticed Robin
   820 | D:2      | Gained mutation: You are dopey. (Int -2) [potion of mutation]
   820 | D:2      | Gained mutation: You have supernaturally acute eyesight. [potion of mutation]
   820 | D:2      | Gained mutation: You occasionally shout uncontrollably at your foes. [potion of mutation]
   822 | D:2      | HP: 1/28 [goblin[Robin] (1)]
   825 | D:2      | Slain by a goblin

Skill      XL: |  1  2  3 |
---------------+----------+-----
Earth Magic    | 4 |  4.1
Spellcasting   | 4 |  4.3
Dodging        | |  2.8
Stealth        | |  2.6
Transmutations | |  1.1

Action                   || total
-------------------------++-------
Melee: Unarmed           ||     5
Throw: Stone             ||     5
 Cast: Sandblast         ||    59
       Stone Arrow       ||     3
  Use: Scroll            ||     4
       Potion            ||     3
 Stab: Sleeping          ||     1
Armor: Robe              ||     7
       Skin              ||    11
Dodge: Dodged            ||    32
